Map: Prion Terraces

Players

Cail - Winner!

  • Race: Terran Terran
  • League: Platinum

Ylyaxa

  • Race: Protoss Protoss
  • League: Gold

VOD

Have the link to the VOD?

Description

Time

  • Played on: May 3, 2016, 7:43 a.m.
  • Length: 12:23
Show
View Real Time Build Order
Export as new Build Order

Cail Terran - Winner!

Build Orders:  

Get SALT Encoding   

  12  0:01  SCV  
  13  0:13  SCV  
  14  0:18  Supply Depot  
  14  0:25  SCV  
  15  0:40  SCV  
  15  0:41  Barracks  
  16  0:47  Refinery  
  16  0:52  SCV  
  17  1:04  SCV  
  18  1:16  SCV  
  19  1:35  Marine  
  20  1:42  Refinery  
  20  1:46  Orbital Command, Bunker  
  20  1:53  Marine  
  20  2:01  Factory, Refinery  
  20  2:14  Marine  
  21  2:18  SCV  
  22  2:30  SCV  
  22  2:34  Supply Depot  
  23  2:48  Starport  
  23  2:53  Marine  
  23  2:55  SCV  
  24  3:03  Bunker  
  24  3:09  Widow Mine  
  24  3:11  Marine  
  27  3:16  Command Center  
  27  3:18  SCV  
  28  3:29  Barracks Reactor  
  28  3:30  SCV  
  29  3:34  Starport Reactor  
  29  3:41  Engineering Bay  
  29  3:43  SCV  
  30  3:49  Factory Tech Lab  
  30  3:56  SCV  
  31  4:10  Liberator x2, Supply Depot  
  31  4:27  SCV, Marine x2  
  40  4:32  Orbital Command  
  40  4:39  SCV  
  41  4:52  SCV, Marine x2  
  44  4:55  Siege Tank  
  47  5:04  SCV  
  48  5:08  SCV, Supply Depot  
  49  5:15  Marine  
  49  5:16  SCV, Marine  
  49  5:17  Supply Depot  
  49  5:20  SCV  
  53  5:26  Supply Depot  
  53  5:28  SCV  
  54  5:32  SCV  
  54  5:33  Medivac x2  
  59  5:40  SCV  
  60  5:44  SCV  
  61  5:52  SCV  
  61  5:57  SCV  
  60  6:04  SCV  
  60  6:05  Marine x2  
  60  6:09  SCV  
  64  6:11  Siege Tank  
  67  6:18  Barracks  
  67  6:20  Barracks  
  67  6:21  Liberator  
  67  6:22  Liberator, Barracks x2  
  67  6:23  Marine x2  
  75  6:40  SCV x2, Marine  
  78  6:48  Supply Depot  
  78  6:51  Supply Depot  
  78  6:57  Refinery  
  78  6:58  Refinery  
  78  6:59  Supply Depot x2  
  78  7:09  Marine x2  
  78  7:10  SCV x2  
  78  7:12  Barracks Tech Lab x3  
  78  7:15  Barracks Reactor  
  82  7:22  SCV x2  
  84  7:32  Stimpack  
  84  7:33  Marine x4  
  85  8:26  Marine  
  84  8:27  Marauder  
  84  8:28  Marine x3, Marauder x2  
  84  8:30  Siege Tank  
  93  8:44  Marine  
  93  8:45  Liberator x2, Marine  
  93  8:46  Marine x2  
  94  8:48  Marine  
  94  8:49  Marauder  
  97  9:02  Siege Tank  
  105  9:03  Combat Shields  
  105  9:05  Concussive Shells  
  105  9:14  Barracks x2  
  105  9:15  Barracks x2  
  105  9:30  Command Center  
  105  9:31  Command Center  
  105  9:33  Starport  
  105  9:36  Starport  
  105  9:38  Command Center  
  82  10:02  Marine, Marauder  
  82  10:03  Marine x3, Marauder x2  
  92  10:09  Medivac x2  
  96  10:17  Barracks Reactor x4  
  96  10:20  Marine  
  96  10:21  Marine x3  
  98  10:22  Starport Reactor x2  
  98  10:23  Marine x2  
  98  10:24  Marine  
  98  10:27  Terran Infantry Weapons Level 1  
  103  10:30  Engineering Bay  
  103  10:31  Armory  
  103  10:38  Marine  
  103  10:39  Marine x3  
  103  10:41  Marine  
  108  10:44  Orbital Command  
  108  10:47  Refinery  
  108  10:48  Missile Turret  
  108  10:50  Refinery  
  108  10:53  Marine x7  
  108  10:54  Marine x3  
  108  10:55  Refinery  
  108  10:56  Marine x4  
  122  10:59  Marine  
  122  11:04  Orbital Command  
  123  11:05  Supply Depot  
  123  11:06  SCV x2  
  123  11:11  Marine x10  
  126  11:14  Marine x4  
  126  11:18  SCV, Refinery  
  140  11:27  SCV  
  118  11:55  Marine x10, Marauder x2  
  118  11:56  Marine x3  
Show
View Real Time Build Order
Export as new Build Order

Ylyaxa Protoss 

Build Orders:  

Get SALT Encoding   

  12  0:01  Probe (Chrono Boost)  
  13  0:12  Probe (Chrono Boost)  
  14  0:18  Pylon  
  14  0:26  Probe (Chrono Boost)  
  15  0:36  Probe (Chrono Boost)  
  15  0:38  Gateway  
  16  0:45  Assimilator  
  16  0:49  Probe (Chrono Boost)  
  17  0:59  Probe (Chrono Boost)  
  18  1:07  Pylon  
  18  1:14  Probe (Chrono Boost)  
  19  1:29  Probe (Chrono Boost)  
  19  1:34  Cybernetics Core  
  19  1:48  Nexus  
  19  1:54  Pylon  
  19  2:00  Probe (Chrono Boost)  
  20  2:10  Probe (Chrono Boost)  
  20  2:11  Adept (Chrono Boost)  
  23  2:24  Probe  
  23  2:28  Assimilator  
  24  2:40  Gateway  
  24  2:49  Twilight Council  
  24  2:54  Assimilator  
  24  2:56  Probe  
  25  3:02  Pylon  
  25  3:03  Probe  
  26  3:13  Probe  
  26  3:14  Mothership Core  
  26  3:19  Adept (Chrono Boost)  
  31  3:24  Probe  
  32  3:29  Warp Gate  
  32  3:35  Probe x2  
  36  3:44  Adept (Chrono Boost)  
  36  3:46  Probe  
  36  3:47  Probe, Resonating Glaives  
  38  3:52  Forge  
  38  3:57  Pylon  
  38  4:12  Probe  
  38  4:14  Gateway  
  38  4:15  Gateway  
  39  4:21  Pylon  
  39  4:23  Probe  
  39  4:27  Photon Cannon  
  38  4:55  Protoss Ground Weapons Level 1  
  38  4:56  Adept (Chrono Boost)  
  38  4:58  Pylon  
  38  5:01  Probe  
  38  5:03  Pylon  
  39  5:12  Probe  
  40  5:19  Photon Cannon  
  40  5:22  Probe  
  40  5:28  Pylon  
  41  5:35  Gateway  
  41  5:41  Photon Cannon  
  41  5:44  Photon Cannon  
  41  5:52  Stalker  
  41  5:53  Stalker x3  
  49  6:16  Probe, Pylon  
  50  6:22  Assimilator  
  50  6:24  Adept  
  50  6:25  Adept x3  
  58  6:26  Probe  
  58  6:28  Blink  
  59  6:37  Stargate  
  59  6:38  Stargate  
  59  6:42  Pylon  
  59  6:46  Pylon x2  
  59  6:57  Pylon  
  59  6:58  Adept x3  
  59  6:59  Adept  
  67  7:04  Protoss Ground Armor Level 1  
  67  7:06  Probe  
  68  7:14  Nexus  
  68  7:16  Probe  
  69  7:23  Adept x2  
  69  7:24  Adept  
  75  7:39  Fleet Beacon  
  75  7:43  Pylon  
  74  7:45  Protoss Air Weapons Level 1  
  74  7:56  Adept x3  
  75  8:31  Pylon  
  75  8:34  Photon Cannon  
  71  8:58  Probe  
  72  9:04  Tempest x2  
  72  9:07  Adept  
  72  9:08  Adept x4  
  72  9:09  Probe  
  90  9:16  Photon Cannon  
  91  9:19  Probe  
  91  9:22  Protoss Ground Weapons Level 2  
  92  9:30  Probe  
  93  9:40  Probe  
  80  9:59  Adept  
  70  10:00  Adept x4  
  70  10:03  Tempest  
  70  10:05  Tempest  
  70  10:07  Probe  
  87  10:17  Probe  
  88  10:28  Probe  
  88  10:32  Adept x4  
  88  10:33  Adept  
  99  10:45  Probe  
  99  10:46  Tempest  
  104  10:54  Adept x2  
  104  10:56  Probe, Adept  
  111  11:06  Probe  
  112  11:12  Tempest  
  70  11:41  Adept  
  70  11:42  Adept x4  
Tags
 
Add a new tag
Caveats
  • Supply blocks, unpowered buildings, or Contaminate may cause inaccurate times.
  • Supply counts are checked every 10 seconds.